 Dungeon Crawl Stone Soup version 0.24.1-11-gbbbb2193e6 (webtiles) character file.

Game seed: 5422727479157271548, levelgen mode: deterministic

1041 TheCreepyGuy the Shield-Bearer (level 8, -1/48 HPs)
             Began as a Gargoyle Fighter on May 11, 2020.
             Was a Believer of Vehumet.
             Killed from afar by an orc wizard (4 damage)
             ... with a magic dart
             ... on level 5 of the Dungeon on May 12, 2020.
             The game lasted 00:45:27 (5373 turns).

TheCreepyGuy the Shield-Bearer (Gargoyle Fighter)   Turns: 5373, Time: 00:45:27

Health: -1/48      AC: 15    Str: 21    XL:     8   Next: 25%
Magic:  0/8        EV:  7    Int: 10    God:    Vehumet [**....]
Gold:   287        SH: 10    Dex:  9    Spells: 7/7 levels left

rFire    . . .     SeeInvis .   a - +0 flail
rCold    . . .     Gourm    .   c - +0 shield
rNeg     + . .     Faith    .   b - +0 chain mail
rPois    ∞         Spirit   +   (no helmet)
rElec    +         Reflect  .   (no cloak)
rCorr    .         Harm     .   (no gloves)
MR       .....                  (no boots)
Stlth    ..........             s - amulet of guardian spirit
HPRegen  0.16/turn              u - ring of flight
MPRegen  0.11/turn              (no ring)

@: no status effects
A: negative energy resistance 1, electricity resistance, unbreathing,
petrification resistance, rot immunity, AC +5
a: Renounce Religion, Evoke Flight


You were on level 5 of the Dungeon.
You worshipped Vehumet.
Vehumet was pleased with you.
You were hungry.

You visited 1 branch of the dungeon, and saw 6 of its levels.

You collected 287 gold pieces.

Inventory:

Hand Weapons
 a - a +0 flail (weapon)
Armour
 b - a +0 chain mail (worn)
 c - a +0 shield (worn)
Jewellery
 q - an uncursed ring of ice
 s - an amulet of guardian spirit (around neck)
 u - a ring of flight (left hand)
 y - an uncursed ring of magical power {unknown}
Wands
 r - a wand of polymorph (4)
 x - a wand of flame (14)
Scrolls
 h - 15 scrolls of identify {unknown}
 i - 2 scrolls of teleportation {unknown}
 j - 9 scrolls of remove curse {unknown}
 m - 3 scrolls of immolation {unknown}
 n - 4 scrolls of blinking {unknown}
 o - 2 scrolls of enchant armour {unknown}
 t - a scroll of fear {unknown}
 z - 2 scrolls of magic mapping {unknown}
Potions
 d - a potion of might
 e - 2 potions of heal wounds {unknown}
 g - 2 potions of mutation {unknown}
 k - 4 potions of curing {unknown}
 l - 2 potions of agility {unknown}
 p - a potion of haste {unknown}
 v - a potion of invisibility {unknown}
 w - a potion of berserk rage {unknown}
 A - a potion of ambrosia {unknown}
Comestibles
 f - 2 rations


   Skills:
 + Level 4.9 Fighting
 + Level 5.4 Maces & Flails
 + Level 5.3 Armour
 + Level 2.0 Dodging
 + Level 0.5 Stealth
 + Level 6.4 Shields
 + Level 0.8 Evocations


You had 7 spell levels left.
You didn't know any spells.
Your spell library was empty.

Dungeon Overview and Level Annotations

Branches:
Dungeon (6/15)
 Temple: D:4-7

Altars:
Vehumet

Shops:
D:4 }


Innate Abilities, Weirdness & Mutations

You are resistant to torment.
Your stone body is resilient. (AC +5)
You are immune to poison.
You resist negative energy. (rN+)
You are resistant to electric shocks. (rElec)
You can survive without breathing.
You are immune to petrification.
You are immune to rotting.


Message History

You closely miss the orc wizard.
The orc wizard is severely wounded.
The orc wizard closely misses you.
You bump into the rock wall.
The orc wizard hits you but does no damage.
You are too injured to fight recklessly!
You are too injured to fight recklessly!
You are too injured to fight recklessly!
You are too injured to fight recklessly!
You miss the orc wizard.
The orc wizard is severely wounded.
The orc wizard casts a spell at you. You resist with some effort.
You feel less confused.
The orc wizard hits you but does no damage.
You closely miss the orc wizard.
The orc wizard is severely wounded.
The orc wizard casts a spell at you. The magic dart hits you.
You die...

### #.# ##..##.## ####.####
####.#####.#.|##.# #.#
#..).....##.#.#.## #.#
#.##.###.###...## ##'##
#.##.###.# ##.## ##...##
#.##..##.# #.### ##.....##
##.###.##.# #.#.## ##.......#
###...#...#.####....####.........
.......###.....o@......+.........
###....# #..####....####.........
##...###.## #.#.## ##.......#
##.#[).## #.### ##.....## #.#####
#.#### ##...## #.# #....# ##'##
#.# ####.## #.# #.# #....#
###.#### #.# #.#..# #....)..


You could see an orc wizard.

Vanquished Creatures
  Grinder (D:5)
  An orc warrior (D:6)
  3 ogres
  The ghost of nano the Insei, an amateur OpTm (D:3)
  2 scorpions
  An orc priest (D:5)
  An iguana (D:4)
  Jessica (D:2)
  3 worker ants (D:4)
  A howler monkey skeleton (D:5)
  10 adders
  An ooze (D:3)
  2 worms
  A dart slug (D:1)
  3 leopard geckos
  5 orcs
  A ball python (D:4)
  7 giant cockroaches
  9 hobgoblins
  5 kobolds
  A quokka (D:2)
  11 bats
  3 frilled lizards
  10 goblins
  5 rats
89 creatures vanquished.

Notes
Turn   | Place    | Note
-------+----------+-------------------------------------------
     0 | D:1      | TheCreepyGuy the Gargoyle Fighter began the quest for the
                  | Orb.
     0 | D:1      | Reached XP level 1. HP: 14/14 MP: 1/1
   270 | D:1      | Reached XP level 2. HP: 17/19 MP: 2/2
   820 | D:1      | Reached XP level 3. HP: 23/23 MP: 3/3
  1002 | D:2      | Found a faded altar of an unknown god.
  1004 | D:2      | Reached skill level 4 in Shields
  1196 | D:2      | Became a worshipper of Vehumet
  1196 | D:2      | Reached * piety under Vehumet
  1196 | D:2      | Offered knowledge of Sting by Vehumet.
  1294 | D:2      | Noticed Jessica
  1309 | D:2      | Killed Jessica
  1309 | D:2      | Reached skill level 1 in Dodging
  1309 | D:2      | Reached XP level 4. HP: 23/28 MP: 4/4
  2115 | D:3      | Reached XP level 5. HP: 30/33 MP: 3/5
  2330 | D:3      | Reached ** piety under Vehumet
  2569 | D:3      | Found a runed translucent gate.
  2569 | D:3      | Found a runed translucent gate.
  2569 | D:3      | Found a runed translucent gate.
  2569 | D:3      | Noticed nano's ghost (amateur OpTm)
  2619 | D:3      | Killed nano's ghost
  2619 | D:3      | Reached skill level 5 in Shields
  2711 | D:3      | Reached XP level 6. HP: 34/38 MP: 6/6
  3199 | D:4      | Offered knowledge of Searing Ray by Vehumet.
  3665 | D:4      | Reached XP level 7. HP: 41/43 MP: 7/7
  4163 | D:4      | Found Emeah's Gadget Shop.
  4202 | D:5      | Entered Level 5 of the Dungeon
  4491 | D:5      | Reached skill level 6 in Shields
  4904 | D:5      | Noticed Grinder
  4918 | D:5      | Killed Grinder
  4918 | D:5      | Reached skill level 5 in Maces & Flails
  4918 | D:5      | Reached skill level 5 in Armour
  4918 | D:5      | Reached XP level 8. HP: 48/48 MP: 8/8
  5362 | D:5      | HP: 1/48 [orc wizard/puff of flame (5)]
  5373 | D:5      | Killed from afar by an orc wizard

Levels and vault maps discovered:
D:1:      scummos_arrival_gate, layout_basic, solitary_fountain
D:2:      layout_rooms, first_ration, chequers_ecumenical_altar_island,
          kennysheep_jessica_study
D:3:      layout_basic, ebering_ghost_rock_garden
D:4:      layout_loops_ring, serial_shops, kennysheep_mini
D:5:      layout_loops_corners, uniq_grinder
D:6:      layout_basic, nemelex_xobeh_ov_fountains_minmay,
          dancing_weapons_uskayaw, overflow_temple_1_default,
          overflow_temple_1_default, minmay_temple_entry_wispy,
          cheibrodos_sewer_entry_drain

Skill      XL: |  1  2  3  4  5  6  7  8 |
---------------+-------------------------+-----
Shields        | 4 5 6 |  6.4
Dodging        | 1 2 |  2.0
Armour         | 4 5 |  5.3
Maces & Flails | 3 5 |  5.4
Fighting       | 4 |  4.9
Stealth        | |  0.5
Evocations     | |  0.8

Action                   |  1- 3 |  4- 6 |  7- 9 || total
-------------------------+-------+-------+-------++-------
Melee: Flail             |   135 |   252 |   132 ||   519
Evoke: Wand              |       |       |    11 ||    11
  Eat: Ration            |     1 |     2 |     1 ||     4
       Chunk             |       |       |     1 ||     1
Armor: Scale mail        |    89 |    52 |       ||   141
       Chain mail        |       |    98 |    64 ||   162
Dodge: Dodged            |    54 |    75 |    24 ||   153
Block: Shield            |    95 |   147 |    59 ||   301
